 Dungeon Crawl Stone Soup version 0.25.1-2-g60ff931df9 (webtiles) character file.

Game seed: 16112485831765493498

39 WildWehraboo the Cudgeler (level 3, -1/33 HPs)
             Began as a Minotaur Berserker on Dec 1, 2020.
             Was an Initiate of Gozag.
             Slain by Terence
             ... wielding a +0 vorpal flail
              (2 damage)
             ... on level 2 of the Dungeon.
             The game lasted 00:05:46 (1408 turns).

WildWehraboo the Cudgeler (Minotaur Berserker)      Turns: 1408, Time: 00:05:46

Health: -1/33      AC:  3    Str: 22    XL:     3   Next: 28%
Magic:  2/2        EV: 12    Int:  4    God:    Gozag
Gold:   148        SH:  0    Dex:  9    Spells: 2/2 levels left

rFire    . . .     SeeInvis .   a - +0 mace
rCold    . . .     Gourm    .   (no shield)
rNeg     . . .     Faith    .   f - +0 leather armour (curse)
rPois    .         Spirit   .   (helmet restricted)
rElec    .         Reflect  .   (no cloak)
rCorr    .         Harm     .   (no gloves)
MR       .....                  (no boots)
Stlth    +.........             (no amulet)
HPRegen  0.11/turn              (no ring)
MPRegen  0.08/turn              (no ring)

@: no status effects
A: retaliatory headbutt, horns 2
a: Potion Petition, Call Merchant, Bribe Branch, Renounce Religion


You were on level 2 of the Dungeon.
You worshipped Gozag.
Gozag was aware of your devotion.
You were not hungry.

You visited 1 branch of the dungeon, and saw 2 of its levels.

You collected 148 gold pieces.

Inventory:

Hand Weapons
 a - a +0 mace (weapon)
Armour
 b - a +0 animal skin
 e - a +0 scale mail
 f - a cursed +0 leather armour (worn)
 g - a +0 ring mail
Comestibles
 c - a ration


   Skills:
 + Level 3.9 Fighting
 + Level 4.6 Maces & Flails
 + Level 2.7 Armour
 + Level 2.4 Dodging
 + Level 0.3 Stealth


You had 2 spell levels left.
You didn't know any spells.
Your spell library was empty.

Dungeon Overview and Level Annotations

Branches:
Dungeon (2/15)

Altars:
Gozag
Qazlal

Annotations:
D:2 Terence


Innate Abilities, Weirdness & Mutations

You reflexively headbutt those who attack you in melee.
You have a pair of horns on your head.


Message History

You kill the worm!
You now have 148 gold pieces (gained 9).
Found a stormy altar of Qazlal.
Found a stone staircase leading down.
There is a stormy altar of Qazlal here.
Trog hurls firey rage upon you!
The fireball explodes!
The fireball engulfs you!!
Ouch! That really hurt!
* * * LOW HITPOINT WARNING * * *
There is a stone staircase leading down here.
You hear a shout!
Terence the Incautious comes into view.
He is wielding a +0 vorpal flail.
Terence shouts!
Terence hits you but does no damage.
It was a potion of cancellation.
You feel magically purged. Terence barely misses you. You furiously retaliate!
You headbutt Terence.
Terence hits you with a +0 vorpal flail!
* * * LOW HITPOINT WARNING * * *
You die...
Your body crumbles into a pile of gold.

#..##.## ####....#.
#### #........ #..
#.......# #.#
#.......# ######.#
#.......# ##..>@@.#
#.......# #..######
#.......####.###
#.......##.._..# .#
####.......#.#......
.#
#..######..##.####..
.. #.## ##.# ....
... .# #.# #.#
##.###.# .# #.#
#.###...##.# .#


You could see Terence.

Vanquished Creatures
  An adder (D:2)
  A worm (D:2)
  A dart slug (D:1)
  2 bats (D:1)
  2 giant cockroaches (D:1)
  3 goblins (D:1)
  4 hobgoblins
  7 kobolds
  A ball python (D:1)
  A frilled lizard (D:1)
  2 rats (D:1)
25 creatures vanquished.

Notes
Turn   | Place    | Note
-------+----------+-------------------------------------------
     0 | D:1      | WildWehraboo the Minotaur Berserker began the quest for the
                  | Orb.
     0 | D:1      | Reached XP level 1. HP: 19/19 MP: 0/0
   143 | D:1      | Reached skill level 4 in Maces & Flails
   188 | D:1      | Reached XP level 2. HP: 15/27 MP: 1/1
  1077 | D:2      | Reached ** piety under Trog
  1345 | D:2      | Found a faded altar of an unknown god.
  1355 | D:2      | Reached XP level 3. HP: 25/33 MP: 2/2
  1363 | D:2      | Fell from the grace of Trog
  1363 | D:2      | Became a worshipper of Gozag Ym Sagoz the Greedy
  1389 | D:2      | Found a stormy altar of Qazlal.
  1404 | D:2      | Noticed Terence
  1408 | D:2      | HP: 1/33 [Terence/+0 vorpal flail (7)]
  1408 | D:2      | Slain by Terence

Illustrated notes

Levels and vault maps discovered:
D:1:      elethiomel_arrival_infinity_welcomes_careful_drivers,
          layout_loops_cross, minmay_misc_feat_encased
D:2:      layout_loops_ring, lemuel_crystal_altar,
          chequers_ecumenical_altar_simple_redux, grunt_decor_one_mirror,
          uniq_crazy_yiuf_cottage, uniq_terence

Skill      XL: |  1 |
---------------+----+-----
Maces & Flails | 4 |  4.6
Fighting       | |  3.9
Armour         | |  2.7
Dodging        | |  2.4
Stealth        | |  0.3

Action                   || total
-------------------------++-------
Melee: Mace              ||    48
       Headbutt          ||     9
  Use: Scroll            ||     3
       Potion            ||     1
  Eat: Chunk             ||     1
Armor: Animal skin       ||     7
       Leather armour    ||     8
Dodge: Dodged            ||    45
